 Dungeon Crawl Stone Soup version 0.30-a0-760-g5a9884bb7c (webtiles) character file.

Game seed: 13342513340297940333

127961 Angani the Bludgeoner (level 16, -3/147 HPs)
             Began as a Yellow Draconian Necromancer on Feb 11, 2023.
             Was the Champion of Qazlal.
             Slain by a salamander
             ... wielding a +0 glaive
              (4 damage)
             ... on level 2 of the Snake Pit on Feb 12, 2023.
             The game lasted 01:08:36 (30326 turns).

Angani the Bludgeoner (DrNe)                       Turns: 30326, Time: 01:08:37

Health: -3/147     AC: 14    Str: 12    XL:     16   Next: 47%
Magic:  27/37      EV: 21    Int: 22    God:    Qazlal [******]
Gold:   1276       SH: 20    Dex: 15    Spells: 18/31 levels left

rFire   + . .      SeeInvis .    a - +2 morningstar (vamp)
rCold   . . .      Faith    .    V - +0 kite shield
rNeg    . . .      Spirit   .    (body armour unavailable)
rPois   +          Reflect  .    p - +0 hat {Will+}
rElec   +          Harm     .    S - +1 cloak "Libothrox" {MP+9}
rCorr   +          Rampage  .    D - +2 pair of gloves {Dex+3}
Will    +++..                    (no boots)
Stlth   +                        O - amulet of regeneration
HPRegen 1.24/turn                P - ring of willpower
MPRegen 0.25/turn                z - ring "Ruycun" {rPois EV+5}

@: short of breath, protected from fire, repel missiles
A: spit acid, AC +9, unfitting armour, acidic bite, cold-blooded, acid
resistance, hooves 1, robust 1, electricity resistance, wild magic 1
a: Breathe Acid, Renounce Religion, Upheaval, Elemental Force, Disaster Area


You were on level 2 of the Snake Pit.
You worshipped Qazlal.
Qazlal was exalted by your worship.
You visited 5 branches of the dungeon, and saw 25 of its levels.
You also visited: Ossuary.

You collected 3736 gold pieces.
You spent 2460 gold pieces at shops.

Inventory:

Hand Weapons
 a - a +2 vampiric morningstar (weapon)
 b - a +4 morningstar of holy wrath
 n - a +0 whip of venom
Armour
 p - a +0 hat of willpower (worn)
 D - a +2 pair of gloves of dexterity (worn)
 S - the +1 cloak "Libothrox" (worn) {MP+9}
   (You bought it in a shop on level 2 of the Orcish Mines)

   MP:        It affects your magic capacity (+9).
 V - a +0 kite shield (worn)
 W - +3 fire dragon scales
Jewellery
 t - a ring of protection from cold
 z - the ring "Ruycun" (right hand) {rPois EV+5}
   (You bought it in a shop on level 2 of the Orcish Mines)

   [ring of evasion]

   EV:        It affects your evasion (+5).
   rPois:     It protects you from poison.
 F - a ring of protection from cold
 O - an amulet of regeneration (around neck)
 P - a ring of willpower (left hand)
Wands
 c - a wand of paralysis (17)
 q - a wand of mindburst (18)
 x - a wand of quicksilver (5)
 B - a wand of digging (6)
 L - a wand of flame (14)
 M - a wand of roots (6)
Scrolls
 e - 7 scrolls of teleportation
 g - 11 scrolls of poison
 h - 4 scrolls of enchant weapon
 i - 3 scrolls of summoning
 k - 3 scrolls of blinking
 m - 2 scrolls of silence
 o - 5 scrolls of fog
 r - 2 scrolls of torment
 s - 2 scrolls of magic mapping
 G - 3 scrolls of fear
 K - 3 scrolls of immolation
 N - a scroll of brand weapon
 T - a scroll of amnesia
 U - a scroll of vulnerability
Potions
 d - 8 potions of might
 f - 15 potions of curing
 j - 7 potions of haste
 l - 6 potions of degeneration
 u - a potion of resistance
 v - 3 potions of brilliance
 w - 4 potions of flight
 A - a potion of invisibility
 C - a potion of mutation
 E - 6 potions of magic
 H - 2 potions of cancellation
 I - 6 potions of lignification
 J - 8 potions of ambrosia
 Q - 2 potions of heal wounds
Miscellaneous
 R - a condenser vane


   Skills:
 - Level 10.0 Fighting
 - Level 16.0 Maces & Flails
 - Level 10.0 Dodging
 - Level 1.7 Stealth
 - Level 10.5 Shields
 + Level 8.3 Spellcasting
 + Level 9.0 Summonings
 - Level 13.0 Necromancy
 - Level 14.0 Invocations


You had 18 spell levels left.
You knew the following spells:

 Your Spells              Type           Power      Damage    Failure   Level
a - Necrotise             Necr           100%       1d9       1%          1
b - Agony                 Necr           72%        N/A       3%          5
c - Haunt                 Necr/Summ      33%        N/A       87%         7

Your spell library contained the following spells:

 Spells                   Type           Power      Damage    Failure   Level
 Summon Small Mammal      Summ           100%       N/A       1%          1
 Vampiric Draining        Necr           72%        2d11      1%          3
 Animate Dead             Necr           72%        N/A       1%          4
 Call Canine Familiar     Summ           59%        N/A       2%          3
 Summon Guardian Golem    Hex/Summ       37%        N/A       12%         3
 Freeze                   Ice            44%        1d6       22%         1
 Shock                    Conj/Air       44%        1d5       22%         1
 Ensorcelled Hibernation  Hex/Ice        22%        N/A       32%         2
 Passwall                 Tmut/Erth      9%         N/A       32%         2
 Swiftness                Air            11%        N/A       52%         3
 Vhi's Electric Charge    Tloc/Air       22%        N/A       52%         3
 Ice Form                 Ice/Tmut       11%        N/A       88%         4
 Monstrous Menagerie      Summ           29%        N/A       98%         7
 Arcjolt                  Conj/Air       5%         1d15      99%         5
 Yara's Violent Unravell  Hex/Tmut       5%         3d4       99%         5
 Infestation              Necr           36%        N/A       99%         8
 Enfeeble                 Hex            5%         N/A       100%        7
 Malign Gateway           Summ/Tloc      18%        N/A       100%        7
 Maxwell's Capacitive Co  Air            5%         ∞         100%        8


Dungeon Overview and Level Annotations

Branches:
Dungeon (15/15)            Temple (0/1) D:4            Lair (5/5) D:10
  Swamp (0/4) Lair:3        Snake (2/4) Lair:2        Slime (0/5) Lair:4
    Orc (2/2) D:12            Elf (1/3) Orc:2        Vaults (0/5) D:14
 Depths (0/4) D:15        Ossuary (visited)

Altars:
Cheibriados
Elyvilon
Fedhas
Hepliaklqana
Kikubaaqudgha
Makhleb
Nemelex Xobeh
Okawaru
Qazlal
Trog
Vehumet
Xom
Yredelemnul
The Shining One
Jiyva

Shops:
D:3 =   D:8 *   D:13 *   Orc:2 *[*:[=?   Snake:1 [:

Portals:
Abyss: D:9
Trove: D:10 (give +6 fire dragon scales)

Annotations:
D:9 2 transporters, gabibbone's ghost, novice FoFi
D:12 1 runed translucent door, Domino's ghost, journeyman MiBe
Lair:4 1 runed translucent door
Orc:1 6 transporters


Innate Abilities, Weirdness & Mutations

You can spit globs of acid.
Your golden yellow scales are hard. (AC +9)
You cannot fit into any form of body armour.
You have acidic saliva.
You are cold-blooded and may be slowed by cold attacks.
You are resistant to acid. (rCorr)
You have large cloven feet.
You are robust. (+10% HP)
You are resistant to electric shocks. (rElec)
Your spells are a little harder to cast, but a little more powerful.


Message History

You kick the salamander, but do no damage.
Your tail-slap misses the salamander.
Your bite misses the salamander.
The salamander is almost dead.
The salamander is engulfed in freezing vapours.
You kill the salamander!
Qazlal accepts your kill. Something hits you.
You are engulfed in flames.
You resist.
You puncture something! Your kick misses something. Something hits you!
You are engulfed in flames.
You resist.
You hit something but do no damage. You kick something.
You tail-slap something. Something hits you!
You are engulfed in flames.
You resist.
You feel more protected from fire.
* * * LOW HITPOINT WARNING * * *
You hit something but do no damage. You kick something.
Your bite misses something. You sock something!
You feel better.
Your kick misses something. Something hits you but does no damage.
You hit something.
You feel better.
Your tail-slap misses something.
Something hits you.
You are engulfed in flames.
You resist.
* * * LOW HITPOINT WARNING * * *
You hit something.
You feel better.
Your kick misses something.
Your tail-slap misses something.
Your bite misses something. Something hits you.
* * * LOW HITPOINT WARNING * * *
You are engulfed in flames.
You resist.
* * * LOW HITPOINT WARNING * * *
You thump something! Your kick misses something. You bite something.
Something barely misses you.
You barely miss something. Your bite misses something. Something hits you!
* * * LOW HITPOINT WARNING * * *
You are engulfed in flames!
You resist.
* * * LOW HITPOINT WARNING * * *
Press: ? - help, Shift-Dir - straight line You spit a glob of acid.
Something completely misses you.
Okay, then.
Something hits you!
* * * LOW HITPOINT WARNING * * *
You are engulfed in flames.
You resist.
You die...

..<)......###
............##
.............##
..............### ###
................## ..##
.......).........###...##
#.#####.......§○.°.##...###
#.# #........)).........##
#.# ###......)@..........#
..# ##....°{.###.......##
##...○### ##.......# ##..##
##......# #### ......#
......# .....## .....#
......#


There were no monsters in sight!

Vanquished Creatures
  A tengu reaver (D:15)
  2 orc warlords (Orc:1)
  2 deep elf demonologists (Elf:1)
  A fire dragon (D:15)
  An ice dragon (D:15)
  A deep elf high priest (Orc:2)
  3 ogre magi
  3 hydras
  3 vault guards (D:14)
  3 catoblepae (Lair:5)
  8 centaur warriors
  2 anacondas (Snake:1)
  A death knight (D:15)
  3 boulder beetles
  4 dancing weapons
  3 naga warriors
  A tengu warrior (D:15)
  14 two-headed ogres
  5 death yaks
  An orc high priest (Orc:1)
  A naga sharpshooter (Snake:1)
  2 deep elf knights (Elf:1)
  A salamander mystic (Snake:2)
  2 deep trolls (Orc:2)
  2 swamp dragons (D:14)
  A naga ritualist (Snake:1)
  6 mana vipers (Snake:1)
  3 lindwurms
  Pikel (D:9)
  2 bog bodies (Lair:3)
  A lindwurm (shapeshifter) (Elf:1)
  2 deep elf archers (Elf:1)
  3 orc knights
  13 deep elf pyromancers
  10 deep elf zephyrmancers (Elf:1)
  2 orc sorcerers
  2 salamanders (Snake:2)
  5 cyclopes
  3 manticores
  A wolf spider (Lair:1)
  11 ugly things
  24 elephants
  13 black mambas
  A guardian serpent (Snake:1)
  A cane toad (shapeshifter) (D:13)
  15 cane toads
  4 komodo dragons
  5 unseen horrors
  A rime drake (Lair:1)
  A freezing wraith (D:15)
  2 efreet
  A tengu conjurer (D:15)
  A queen bee (Lair:4)
  A hornet (D:5)
  2 polar bears
  9 meliai
  12 trolls
  2 tarantellas (Lair:1)
  A raiju (shapeshifter) (D:15)
  5 dream sheep
  6 blink frogs (Lair:5)
  6 slime creatures (D:14)
  A centaur simulacrum (D:12)
  2 jumping spiders (Lair:1)
  An air elemental (Elf:1)
  2 wraiths
  64 yaks
  2 shadows (D:12)
  A basilisk (Lair:3)
  4 wyverns
  8 humans (D:14)
  3 steam dragons
  11 vampire mosquitoes
  5 wargs
  15 nagas
  A swamp worm (Lair:3)
  9 water moccasins
  3 ice beasts
  A swamp drake (D:14)
  A black bear (D:6)
  A sky beast (D:6)
  25 orc warriors
  24 ogres
  3 boggarts (D:15)
  25 wolves
  13 centaurs
  5 kobold brigands
  3 phantoms
  7 bullfrogs
  7 scorpions
  4 wights (D:7)
  20 killer bees (Lair:4)
  12 howler monkeys
  2 electric eels
  A lava snake (Lair:1)
  A crimson imp (D:3)
  A jelly (D:6)
  A centaur zombie (Ossuary)
  3 hounds
  2 human zombies (Ossuary)
  3 gnoll boudas
  15 orc priests
  Crazy Yiuf (D:7)
  3 iguanas
  Natasha (twice) (D:2)
  18 orc wizards
  3 scorpion zombies (Ossuary)
  Robin (D:3)
  3 mummies (Ossuary)
  11 gnolls
  10 adders
  A worm (D:5)
  2 dart slugs (D:4)
  93 orcs
  7 endoplasms
  5 giant cockroaches
  4 gnoll zombies (Ossuary)
  11 goblins
  15 hobgoblins
  8 quokkas
  5 ball pythons
  6 bats
  4 frilled lizards
  5 goblin zombies (Ossuary)
  3 hobgoblin zombies (Ossuary)
  30 kobolds
  4 kobold zombies (Ossuary)
  2 orc zombies (Ossuary)
  4 rats
  2 rat zombies (D:4)
824 creatures vanquished.

Vanquished Creatures (collateral kills)
  A hound (D:4)
  A white imp (D:6)
  A rat (D:3)
3 creatures vanquished.

Vanquished Creatures (others)
  A vault guard (D:14)
  3 deep elf knights (Elf:1)
  A deep elf pyromancer (Elf:1)
  A troll (Orc:2)
  A water elemental (Elf:1)
  A wraith (D:13)
  An orc (Orc:1)
  11 fungi
  27 plants
47 creatures vanquished.

Grand Total: 874 creatures vanquished

Notes
Turn   | Place    | Note
-------+----------+-------------------------------------------
     0 | D:1      | Angani the Draconian Necromancer began the quest for the
                  | Orb.
     0 | D:1      | Reached XP level 1. HP: 14/14 MP: 3/3
   159 | D:1      | Reached XP level 2. HP: 20/20 MP: 3/5
   498 | D:1      | Found a faded altar of an unknown god.
   501 | D:1      | Got Plato's Handbook of Exhalation
   502 | D:1      | Prayed at the altar of an unknown god.
   502 | D:1      | Became a worshipper of Qazlal Stormbringer
   502 | D:1      | Reached * piety under Qazlal
  1015 | D:2      | Reached XP level 3. HP: 21/26 MP: 0/7
  1132 | D:2      | Found a glowing golden altar of the Shining One.
  1638 | D:2      | Noticed Natasha
  1640 | D:2      | Reached XP level 4. HP: 33/33 MP: 6/8
  1644 | D:2      | Killed Natasha
  1645 | D:2      | Reached skill level 5 in Necromancy
  1989 | D:3      | Found Dicru's Jewellery Boutique.
  2117 | D:3      | Found a radiant altar of Vehumet.
  2117 | D:3      | Found a burning altar of Makhleb.
  2150 | D:3      | Reached XP level 5. HP: 35/38 MP: 10/10
  2267 | D:3      | Learned a level 5 spell: Agony
  2270 | D:3      | Reached ** piety under Qazlal
  2296 | D:3      | Found a shimmering altar of Xom.
  2298 | D:3      | Found a glowing golden altar of the Shining One.
  2381 | D:3      | Noticed Robin
  2456 | D:3      | Killed Robin
  2802 | D:4      | Found a staircase to the Ecumenical Temple.
  2884 | D:4      | Found a stormy altar of Qazlal.
  2885 | D:4      | Noticed an air elemental
  2886 | D:4      | Noticed a fire elemental
  2886 | D:4      | Noticed a water elemental
  2917 | D:4      | Found a sand-covered staircase.
  2930 | D:4      | Reached XP level 6. HP: 45/45 MP: 12/12
  2936 | Ossuary  | Entered an ossuary
  3216 | Ossuary  | Reached skill level 5 in Spellcasting
  3225 | Ossuary  | Your scales start taking on a golden yellow colour.
  3225 | Ossuary  | Reached XP level 7. HP: 50/50 MP: 6/14
  3225 | Ossuary  | Gained mutation: You are resistant to acid. (rCorr) [Yellow
                  | Draconian growth]
  3229 | Ossuary  | Reached *** piety under Qazlal
  3296 | Ossuary  | Gained mutation: You have a pair of small antennae on your
                  | head. [potion of mutation]
  3296 | Ossuary  | Gained mutation: You do not regenerate when monsters are
                  | visible. [potion of mutation]
  3440 | D:4      | You fall into a shaft and drop 1 floor!
  3440 | D:5      | Entered Level 5 of the Dungeon
  3861 | D:4      | Found a snail-covered altar of Cheibriados.
  4076 | D:4      | Reached XP level 8. HP: 51/57 MP: 17/17
  4385 | D:5      | Noticed a hornet
  4386 | D:5      | Noticed a komodo dragon
  4414 | D:5      | Killed a hornet
  4438 | D:5      | Killed a komodo dragon
  4649 | D:5      | Got Oris's Excursus on the Supportive Glacier
  5229 | D:6      | Reached XP level 9. HP: 62/62 MP: 13/20
  5512 | D:6      | Noticed a troll
  5517 | D:6      | Reached skill level 10 in Necromancy
  5523 | D:6      | Killed a troll
  5523 | D:6      | Reached **** piety under Qazlal
  5875 | D:2      | Noticed Natasha
  5880 | D:2      | Killed Natasha
  6012 | D:6      | Reached skill level 1 in Maces & Flails
  6025 | D:6      | Reached skill level 2 in Maces & Flails
  6579 | D:6      | Reached skill level 3 in Maces & Flails
  6735 | D:7      | Reached skill level 5 in Fighting
  6735 | D:7      | Reached skill level 4 in Maces & Flails
  6969 | D:7      | Reached skill level 5 in Maces & Flails
  7290 | D:7      | Lost mutation: You do not regenerate when monsters are
                  | visible. [potion of mutation]
  7290 | D:7      | Lost mutation: You have a pair of small antennae on your
                  | head. [potion of mutation]
  7290 | D:7      | Gained mutation: You are clumsy. (Dex -2) [potion of
                  | mutation]
  7290 | D:7      | Gained mutation: Your large and strong wings let you fly.
                  | [potion of mutation]
  7290 | D:7      | Gained mutation: You are robust. (+10% HP) [potion of
                  | mutation]
  7391 | D:7      | Reached skill level 6 in Maces & Flails
  7718 | D:7      | Found a runed translucent door.
  7719 | D:7      | Noticed Crazy Yiuf
  7726 | D:7      | Killed Crazy Yiuf
  8065 | D:8      | Reached XP level 10. HP: 63/86 MP: 16/21
  8328 | D:7      | Reached skill level 7 in Maces & Flails
  8623 | D:8      | Found Nafruh's General Store.
  8655 | D:8      | Bought a scroll of identify for 26 gold pieces
  9039 | D:8      | Found a blossoming altar of Fedhas.
  9040 | D:8      | Found an ancient bone altar of Kikubaaqudgha.
  9057 | D:8      | Found a white marble altar of Elyvilon.
  9102 | D:8      | Found a bloodstained altar of Trog.
  9103 | D:8      | Found a basalt altar of Yredelemnul.
  9105 | D:8      | Found a hazy altar of Hepliaklqana.
  9109 | D:8      | Found an iron altar of Okawaru.
  9145 | D:9      | Noticed a toenail golem
  9157 | D:9      | Reached ***** piety under Qazlal
  9158 | D:9      | Reached skill level 8 in Maces & Flails
  9209 | D:9      | Noticed Pikel
  9222 | D:9      | Killed Pikel
  9423 | D:9      | Found a one-way gate to the infinite horrors of the Abyss.
  9423 | D:9      | Found a transporter.
  9423 | D:9      | Noticed gabibbone's ghost (novice FoFi)
  9424 | D:9      | Noticed a white ugly thing
  9442 | D:9      | Noticed a worldbinder
  9479 | D:9      | Reached skill level 9 in Maces & Flails
  9929 | D:9      | Reached skill level 10 in Maces & Flails
  9963 | D:9      | Found a transporter.
  9970 | D:9      | Noticed a death drake
 10061 | D:9      | Found a sparkling altar of Nemelex Xobeh.
 10166 | D:9      | Noticed a glowing orange brain
 10459 | D:9      | Noticed a quicksilver ooze
 10502 | D:10     | Entered Level 10 of the Dungeon
 10596 | D:10     | Reached skill level 11 in Maces & Flails
 10641 | D:10     | Reached XP level 11. HP: 88/106 MP: 18/22
 10806 | D:10     | Reached skill level 10 in Fighting
 10868 | D:10     | Reached skill level 12 in Maces & Flails
 11192 | D:10     | Found a staircase to the Lair.
 11197 | D:10     | Found a portal to a secret trove of treasure.
 11437 | Lair:1   | Entered Level 1 of the Lair of Beasts
 11770 | Lair:1   | Reached skill level 13 in Maces & Flails
 12846 | Lair:1   | Found a runed translucent door.
 12849 | Lair:1   | Noticed a wolf spider
 12862 | Lair:1   | Killed a wolf spider
 12863 | Lair:1   | Reached skill level 5 in Dodging
 13077 | Lair:1   | Found a runed translucent gate.
 13078 | Lair:1   | Noticed a boulder beetle
 13079 | Lair:1   | Found a runed translucent gate.
 13098 | Lair:1   | Found a runed translucent gate.
 13098 | Lair:1   | Found a runed translucent gate.
 13098 | Lair:1   | Found a runed translucent gate.
 13098 | Lair:1   | Noticed a boulder beetle
 13098 | Lair:1   | Noticed a lindwurm
 13098 | Lair:1   | Noticed a lindwurm
 13103 | Lair:1   | Found a runed translucent gate.
 13330 | Lair:2   | Reached XP level 12. HP: 88/116 MP: 4/23
 13333 | Lair:2   | Reached skill level 14 in Maces & Flails
 14384 | Lair:2   | Found a staircase to the Snake Pit.
 15272 | Lair:3   | Reached skill level 15 in Maces & Flails
 15585 | Lair:3   | Found a staircase to the Swamp.
 15903 | Lair:4   | Reached ****** piety under Qazlal
 16064 | Lair:4   | Identified a scroll of acquirement
 16064 | Lair:4   | Acquired 1234 gold pieces
 16861 | Lair:4   | Reached XP level 13. HP: 118/124 MP: 24/24
 17195 | Lair:4   | Lost mutation: You are clumsy. (Dex -2) [potion of
                  | mutation]
 17195 | Lair:4   | Lost mutation: Your large and strong wings let you fly.
                  | [potion of mutation]
 17195 | Lair:4   | Gained mutation: Your body sometimes deteriorates upon
                  | taking damage. [potion of mutation]
 17195 | Lair:4   | Lost mutation: You are robust. (+10% HP) [potion of
                  | mutation]
 17226 | Lair:4   | Found a runed translucent door.
 17226 | Lair:4   | Found a viscous altar of Jiyva.
 17226 | Lair:4   | Noticed an azure jelly
 17226 | Lair:4   | Noticed an azure jelly
 17227 | Lair:4   | Noticed an azure jelly
 17230 | Lair:4   | Found a staircase to the Slime Pits.
 17232 | Lair:4   | Noticed an azure jelly
 17544 | Lair:4   | Lost mutation: Your body sometimes deteriorates upon taking
                  | damage. [potion of mutation]
 17544 | Lair:4   | Gained mutation: You have hidden genetic potential. [potion
                  | of mutation]
 17544 | Lair:4   | Gained mutation: Your spells are a little harder to cast,
                  | but a little more powerful. [potion of mutation]
 17544 | Lair:4   | Gained mutation: You have large cloven feet. [potion of
                  | mutation]
 17774 | Lair:5   | Entered Level 5 of the Lair of Beasts
 18055 | Lair:4   | Reached skill level 16 in Maces & Flails
 18062 | Lair:4   | Reached skill level 10 in Dodging
 18123 | Lair:5   | Reached skill level 1 in Shields
 18123 | Lair:5   | Reached skill level 1 in Invocations
 18449 | Lair:5   | Reached skill level 5 in Invocations
 18600 | Lair:5   | Reached skill level 5 in Shields
 19552 | Lair:5   | Gained mutation: You have acidic saliva. [Yellow Draconian
                  | growth]
 19552 | Lair:5   | Reached XP level 14. HP: 105/121 MP: 20/25
 19562 | Lair:5   | Identified the +7 flail of Ylasuc {protect, rC- Will+
                  | Str+8}
 20039 | D:11     | Gained mutation: You are robust. (+10% HP) [hidden
                  | potential]
 20921 | D:12     | Found a runed translucent door.
 20923 | D:12     | Found a shimmering altar of Xom.
 20924 | D:12     | Noticed Domino's ghost (journeyman MiBe)
 21017 | D:12     | Found a staircase to the Orcish Mines.
 21186 | D:12     | Acquired a book of Death
 21196 | D:12     | Learned a level 7 spell: Haunt
 21420 | Orc:1    | Entered Level 1 of the Orcish Mines
 21420 | Orc:1    | Noticed a juggernaut
 21420 | Orc:1    | Found a transporter.
 21420 | Orc:1    | Found a transporter.
 21527 | Orc:1    | Found a transporter.
 21528 | Orc:1    | Found a sparkling altar of Nemelex Xobeh.
 21711 | Orc:1    | Noticed an orc warlord
 21733 | Orc:1    | Killed an orc warlord
 21949 | Orc:1    | Found a transporter.
 21949 | Orc:1    | Found a transporter.
 21949 | Orc:1    | Found a transporter.
 22044 | Orc:2    | Entered Level 2 of the Orcish Mines
 22046 | Orc:2    | Found a staircase to the Elven Halls.
 22048 | Orc:2    | Found Ynad's Antique Armour Shop.
 22058 | Orc:2    | Reached skill level 10 in Invocations
 22071 | Orc:2    | Reached skill level 10 in Shields
 22166 | Orc:2    | Noticed an orc warlord
 22261 | Orc:1    | Killed an orc warlord
 22368 | Orc:2    | Found Sol Nacs's General Store.
 22368 | Orc:2    | Found Resinni's Jewellery Emporium.
 22426 | Orc:2    | Found Malosmao's Assorted Antiques.
 22558 | Orc:2    | Found Wosiruwn's Book Boutique.
 22573 | Orc:2    | Found Fafuz's Magic Scroll Shoppe.
 22583 | Orc:2    | Bought a scroll of enchant armour for 82 gold pieces
 22583 | Orc:2    | Bought a scroll of enchant armour for 82 gold pieces
 22632 | Orc:2    | Found Onisefugg's Antique Armour Emporium.
 22791 | Orc:2    | Bought a fine cloak for 342 gold pieces
 22791 | Orc:2    | Identified the +1 cloak "Libothrox" {MP+9} (You bought it
                  | in a shop on level 2 of the Orcish Mines)
 22822 | Orc:2    | Bought a glittering bronze amulet for 135 gold pieces
 22822 | Orc:2    | Identified the amulet "Diphuag" {*Slow rElec rN+ Regen+
                  | Str+4} (You bought it in a shop on level 2 of the Orcish
                  | Mines)
 22855 | Orc:2    | Bought a shiny buckler for 232 gold pieces
 22866 | Orc:2    | Bought an embroidered scarf for 248 gold pieces
 22877 | Orc:2    | Bought the ring "Ruycun" {rPois EV+5} for 613 gold pieces
 23052 | D:13     | Reached XP level 15. HP: 128/138 MP: 25/26
 23233 | D:13     | Found Atubah's General Store.
 23256 | D:13     | Gained mutation: You are resistant to electric shocks.
                  | (rElec) [hidden potential]
 23256 | D:13     | Lost mutation: You have hidden genetic potential. [hidden
                  | potential expressed]
 23307 | D:13     | Bought a potion of curing for 45 gold pieces
 23307 | D:13     | Bought a scroll of teleportation for 45 gold pieces
 23307 | D:13     | Bought a wand of digging (6) for 378 gold pieces
 24318 | D:14     | Found a gate to the Vaults.
 25126 | D:15     | Entered Level 15 of the Dungeon
 25849 | D:15     | Noticed a tengu reaver
 25869 | D:15     | Killed a tengu reaver
 26275 | D:15     | Found a staircase to the Depths.
 26424 | Elf:1    | Entered Level 1 of the Elven Halls
 26476 | Elf:1    | Noticed an Ice Fiend
 26650 | Elf:1    | Found a radiant altar of Vehumet.
 26653 | Elf:1    | Paralysed by an air elemental for 1 turns
 26664 | Elf:1    | Paralysed by an air elemental for 1 turns
 26691 | Elf:1    | Reached skill level 1 in Summonings
 26851 | Elf:1    | Noticed an Executioner
 27003 | Elf:1    | Reached XP level 16. HP: 138/147 MP: 27/27
 27123 | Elf:1    | Reached skill level 5 in Summonings
 27828 | Lair:1   | Identified the amulet "Nuco Der" {Faith Will- Int+4}
 27975 | Snake:1  | Entered Level 1 of the Snake Pit
 28722 | Snake:1  | Found Poirghem's Antique Armour Shoppe.
 28728 | Snake:1  | Bought a pair of glowing gloves for 232 gold pieces
 28970 | Snake:1  | Found Casm's Tremendous Tomes.
 30326 | Snake:2  | HP: 1/147 [something (17)]
 30326 | Snake:2  | Slain by a salamander

Illustrated notes

Levels and vault maps discovered:
D:1:      minmay_arrival_up_and_down, layout_loops_ring,
          shapermc_ecumenical_altar_rom_forum
D:2:      layout_rooms, basic_altar, minmay_misc_feat_five, nrook_mini_vaults,
          uniq_natasha
D:3:      layout_basic, grunt_temple_overflow_lords_of_destruction,
          chequers_temple_overflow_statue_of_worship, serial_shops, shop,
          uniq_robin
D:4:      layout_basic, nicolae_qazlal_style_of_elements,
          kennysheep_slug_shrine, minmay_temple_entry_statues_pillars,
          enter_ossuary_4
D:5:      layout_basic
D:6:      layout_gridville, minmay_manual_mullet
D:7:      layout_gridville, serial_rivers, chequers_serial_rivers_micro_d,
          chequers_serial_rivers_micro_b, chequers_serial_rivers_large_a,
          chequers_serial_rivers_micro_a, chequers_serial_rivers_room_b,
          chequers_serial_rivers_small_a, grunt_ministairs_11,
          uniq_crazy_yiuf_cottage
D:8:      layout_rooms, nicolae_overflow_hallway_of_the_gods, serial_shops,
          nicolae_shop_window_shopping
D:9:      layout_grid_maze, mainiacjoe_overflow_small_starburst,
          gammafunk_ghost_abyssal_escape, uniq_pikel
D:10:     layout_roguey, lair_entry_dummy, enter_trove_0
D:11:     layout_roguey
D:12:     layout_loops_ring, hiddenorc2_lemuel, ebering_ghost_xom, minivault_14,
          moated_statue, dk_noncrumbling_4
D:13:     layout_basic, serial_shops, shop
D:14:     layout_basic, ximxim_vaults_locker_room, minivault_23, pond
D:15:     grunt_enter_depths_hoard, layout_basic,
          hangedman_abyss_or_decor_lesser_grid, kennysheep_four_rooms
Lair:1:   gammafunk_indiana_jones, layout_hall_layers
Lair:2:   layout_cave_pods, nicolae_snake_entry_squirm, grunt_megastairs_2
Lair:3:   layout_small_grid, nicolae_swamp_entry_splash_gauntlet
Lair:4:   layout_cave_pods, slime_entry_2, special_room [special_room_bee],
          beast_lair_carwin_4
Lair:5:   evilmike_catoblepas_cave, layout_cave_pods,
          infiniplex_staircase_pool_2
Snake:1:  layout_onion_interference, serial_shops, shop,
          nicolae_shop_i_like_big_books
Snake:2:  layout_onion_interference, minmay_shop_star, uniq_azrael
Orc:1:    layout_diamond_mine, basic_altar, hellmonk_jugg_or_not
Orc:2:    st_orc_open, layout_caves, serial_shops, shop, shop,
          nicolae_shop_waterfront
Elf:1:    eino_elf_arrival_altar, layout_geoelf_octagon, minmay_elf_necromancy,
          minivault_25

Skill      XL: |  1  2  3  4  5  6  7  8  9 10 11 12 13 14 15 16 |
---------------+-------------------------------------------------+-----
Spellcasting   | 3 4 5 6 7 8 |  8.3
Necromancy     | 5 6 7 9 10 13 | 13.0
Fighting       | 6 9 10 | 10.0
Maces & Flails | 6 11 13 15 16 | 16.0
Dodging        | 6 9 10 | 10.0
Shields        | 6 10 | 10.5
Invocations    | 7 11 14 | 14.0
Summonings     | 4 9 |  9.0
Stealth        | |  1.7

Action                     |  1- 3 |  4- 6 |  7- 9 | 10-12 | 13-15 | 16-18 || total
---------------------------+-------+-------+-------+-------+-------+-------++-------
  Melee: Unarmed           |    32 |    31 |       |       |       |       ||    63
         Tailslap          |     3 |    16 |    49 |   133 |   253 |    67 ||   521
         Punch             |     1 |     2 |     3 |       |       |       ||     6
         Mace              |       |    99 |   140 |       |       |       ||   239
         Whip              |       |       |   113 |   200 |       |       ||   313
         Morningstar       |       |       |       |   477 |  1337 |   375 ||  2189
         Kick              |       |       |       |       |   532 |   150 ||   682
         Bite              |       |       |       |       |   151 |    56 ||   207
   Cast: Necrotise         |    62 |    74 |   131 |       |       |       ||   267
         Agony             |       |       |     8 |    63 |   111 |    41 ||   223
 Invoke: Upheaval          |       |     1 |       |       |       |       ||     1
Ability: Breathe Acid      |       |       |    21 |    36 |    28 |     6 ||    91
  Evoke: Wand              |       |       |    11 |    14 |       |       ||    25
         Condenser vane    |       |       |       |       |     1 |       ||     1
    Use: Scroll            |       |     7 |     9 |     7 |    13 |     3 ||    39
         Potion            |       |       |     2 |     6 |     2 |     1 ||    11
   Stab: Paralysed         |       |       |    19 |     3 |       |       ||    22
 Armour: Skin              |    12 |    49 |   128 |   259 |   381 |    45 ||   874
  Dodge: Dodged            |    35 |   122 |   189 |   397 |   799 |   159 ||  1701
         Repelled          |       |       |       |     3 |    11 |     8 ||    22
  Block: Other             |       |    20 |    27 |       |       |       ||    47
         Buckler           |       |       |    67 |   417 |   804 |       ||  1288
         Kite shield       |       |       |       |       |   334 |   328 ||   662

Table legend: (Time is in decaauts)
 A = Elapsed time spent in this place.
 B = Non-inter-level travel time spent in this place.
 C = Inter-level travel time spent in this place.
 D = Time resting spent in this place.
 E = Time spent auto-exploring this place.
 F = Levels seen in this place.
 G = Mean time per level.
                   A        B        C        D        E       F      G
               +--------+--------+--------+--------+--------+-----+--------+
         Total |  29989 |  27962 |   2027 |   5629 |  16369 |  26 | 1153.4 |
       Dungeon |  15988 |  15035 |    953 |   2408 |   9611 |  15 | 1065.9 |
          Lair |   8677 |   8008 |    669 |   2207 |   4419 |   5 | 1735.4 |
     Snake Pit |   2314 |   2189 |    125 |    422 |   1405 |   2 | 1157.0 |
  Orcish Mines |   1679 |   1471 |    208 |    334 |    760 |   2 |  839.5 |
   Elven Halls |    795 |    725 |     70 |    173 |    173 |   1 |  795.0 |
       Ossuary |    536 |    536 |      0 |     85 |      0 |   1 |  536.0 |
               +--------+--------+--------+--------+--------+-----+--------+

Top non-repeatable levels by time:
 Snake:1: 2104 daAuts
  Lair:1: 2013 daAuts
  Lair:4: 1973 daAuts
     D:7: 1818 daAuts
  Lair:5: 1664 daAuts
  Lair:2: 1534 daAuts
  Lair:3: 1490 daAuts
     D:9: 1328 daAuts
     D:5: 1238 daAuts
     D:6: 1218 daAuts
    D:15: 1195 daAuts
    D:14: 1071 daAuts
    D:13: 1018 daAuts
    D:10: 1016 daAuts
     D:4: 997 daAuts
